 Dungeon Crawl Stone Soup version 0.21-a0-221-gfe971b9 (webtiles) character file.

60277 tof the Severer (level 14, -4/129 HPs)
             Began as a Minotaur Berserker on Aug 24, 2017.
             Was the Champion of Trog.
             Splashed by an oklob plant's acid (12 damage)
             ... on level 4 of the Lair of Beasts.
             The game lasted 01:02:12 (20716 turns).

tof the Severer (Minotaur Berserker)               Turns: 20716, Time: 01:02:13

Health: -4/129     AC: 13    Str: 22    XL:     14   Next: 56%
Magic:  0/4        EV: 18    Int: 10    God:    Trog [******]
Gold:   858        SH:  0    Dex: 20    Spells: 13/13 levels left

rFire    . . .     SeeInvis .   a - +9 battleaxe (antimagic)
rCold    + . .     Gourm    .   (shield currently unavailable)
rNeg     . . .     Faith    .   U - +2 chain mail {rC+}
rPois    .         Spirit   +   (helmet unavailable)
rElec    .         Reflect  .   O - scarf {Spirit}
rCorr    .         Harm     .   w - +0 pair of gloves
MR       +....                  J - +0 pair of boots
Stlth    ..........             (no amulet)
HPRegen  0.31/turn              y - ring "Teha" {Str-2 Int+4 Dex+7}
MPRegen  0.09/turn              e - +6 ring of protection

@: corroded, studying Dodging
A: retaliatory headbutt, fangs 1, horns 3, high mp 1, strong 1, sturdy frame 1
a: Berserk, Trog's Hand, Brothers in Arms, Burn Spellbooks, Renounce Religion


You were on level 4 of the Lair of Beasts.
You worshipped Trog.
Trog was exalted by your worship.
You were not hungry.

You visited 2 branches of the dungeon, and saw 18 of its levels.
You visited 1 bazaar.
You also visited: Ice Cave.

You collected 1594 gold pieces.
You spent 736 gold pieces at shops.

Inventory:

Hand Weapons
 a - a +9 antimagic battleaxe (weapon)
 b - a +7 blowgun
Missiles
 d - 2 needles of frenzy
 m - 11 poisoned needles
 C - 5 javelins of returning (quivered)
Armour
 w - a +0 pair of gloves (worn)
 J - a +0 pair of boots (worn)
 O - a scarf of spirit shield (worn)
 U - a +2 chain mail of cold resistance (worn)
Jewellery
 e - a +6 ring of protection (right hand)
 y - the ring "Teha" (left hand) {Str-2 Int+4 Dex+7}
   (You bought it in a shop in a bazaar)

   [ring of intelligence]

   It affects your strength (-2).
   It affects your intelligence (+4).
   It affects your dexterity (+7).
 P - an uncursed ring of positive energy
Wands
 G - a wand of flame (30/48)
 K - a wand of confusion (35/48)
 L - a wand of iceblast (3/15)
 N - a wand of random effects (10/48)
Scrolls
 g - 7 scrolls of teleportation
 h - 3 scrolls of recharging
 n - 5 scrolls of fog
 o - 3 scrolls of fear
 r - 4 scrolls of remove curse
 v - a scroll of magic mapping
 x - 4 scrolls of identify
Potions
 f - 5 potions of curing
 i - 2 potions of cancellation
 l - 5 potions of heal wounds
 p - a potion of flight
 z - 3 potions of brilliance
 A - 3 potions of ambrosia
 B - 4 potions of haste
 F - a potion of might
 H - a potion of agility
 M - 3 potions of invisibility
 Q - a potion of resistance
Books
 j - a book of Unlife

   Spells                             Type                      Level
   a - Recall                         Summoning/Translocation      3
   b - Animate Dead                   Necromancy                   4
   c - Control Undead                 Necromancy                   4
   d - Cigotuvi's Embrace             Necromancy                   5
   e - Death Channel                  Necromancy                   6
   f - Simulacrum                     Ice/Necromancy               6
   Trog disapproves of the use of such an item.
 k - a manual of Dodging
 q - a book of Minor Magic

   Spells                             Type                      Level
   a - Magic Dart                     Conjuration                  1
   b - Blink                          Translocation                2
   c - Call Imp                       Summoning                    2
   d - Slow                           Hexes                        2
   e - Conjure Flame                  Conjuration/Fire             3
   f - Mephitic Cloud                 Conjuration/Poison/Air       3
   Trog disapproves of the use of such an item.
Comestibles
 c - 7 bread rations
 s - 23 fruits
 t - 32 chunks of flesh
 u - 8 royal jellies
 D - 12 meat rations


   Skills:
 + Level 13.0 Fighting
 * Level 17.1 Axes
 + Level 3.5 Throwing
 + Level 16.3 Armour
 * Level 13.7 Dodging


You had 13 spell levels left.
You didn't know any spells.

Dungeon Overview and Level Annotations

Branches:
Dungeon (14/15)            Temple (0/1) D:4            Lair (4/6) D:9
  Swamp (0/4) Lair:3        Snake (0/4) Lair:3          Orc (0/2) D:12
 Vaults (0/5) D:14

Altars:
Ashenzari
Dithmenos
Fedhas
Qazlal
Ru
Vehumet
Wu Jian
Xom
Yredelemnul
Zin

Shops:
D:5 %

Annotations:
D:5 2 transporters
D:10 2 runed doors
Lair:4 exclusion: 3 oklob plants


Innate Abilities, Weirdness & Mutations

You reflexively headbutt those who attack you in melee.
You have a pair of large horns on your head.
You have very sharp teeth.
You have an increased reservoir of magic. (+10% MP)
Your muscles are strong. (Str +2)
Your movements are slightly less encumbered by armour. (ER -2)


Message History

The acid burns!
You slash the oklob plant! You headbutt the oklob plant.
You bite the oklob plant, but do no damage.
The oklob plant is moderately damaged.
You hit the oklob plant. The oklob plant spits acid at you.
The splash of acid hits you! The acid corrodes you!
You are splashed with acid!
The acid burns!
* * * LOW HITPOINT WARNING * * *
You see here 26 gold pieces.
The oklob plant spits acid at you. The splash of acid hits you!
* * * LOW HITPOINT WARNING * * *
You are splashed with acid!
The acid burns!
* * * LOW HITPOINT WARNING * * *
The oklob plant spits acid at you. The splash of acid hits you!
* * * LOW HITPOINT WARNING * * *
You are splashed with acid!
The acid burns!
You die...

#
#############
#### ##
#######..##.#.
#..((PP.......
#..$$%P......
#...:.P...#
#|.P..P..#
#.$P.$...#
#######@.#
#..#.###
##...##
#...######.P
##..........
##..########
#..## #..#
##.##


You could see 3 oklob plants.

Vanquished Creatures
  Rupert (D:14)
  Gastronok (D:8)
  Azrael (D:13)
  Nessos (D:14)
  Josephine (D:11)
  Harold (Lair:1)
  Fannar (D:10)
  2 ice dragons (IceCv)
  2 hydras
  Erica (Lair:1)
  A centaur warrior (D:13)
  4 two-headed ogres
  2 tengu warriors (D:14)
  Urug (D:13)
  Nergalle (Lair:1)
  The ghost of Gorglomux the Fighter, a novice HOEE of Beogh (D:8)
  3 unseen horrors
  An orc knight (D:14)
  A wizard (D:14)
  3 deep elf magi
  5 ugly things
  An oklob plant (Lair:4)
  2 manticores
  A cyclops (D:13)
  2 ice statues (IceCv)
  Maurice (D:8)
  8 elephants
  A black mamba (Lair:3)
  A centaur skeleton (D:13)
  A spiny frog (Lair:1)
  A gargoyle (D:14)
  An efreet (D:13)
  3 rime drakes
  4 komodo dragons
  2 ice devils (Lair:2)
  A tengu conjurer (D:14)
  4 trolls
  A polar bear (Lair:3)
  2 meliai (D:13)
  3 blink frogs (Lair:2)
  7 hippogriffs
  A centaur simulacrum (D:14)
  A shadow (D:12)
  4 wraiths
  A spriggan (Lair:3)
  40 yaks
  3 wyverns
  3 fire elementals (D:12)
  Grum (D:8)
  Sigmund (D:5)
  3 hogs (D:7)
  15 humans
  A steam dragon (D:11)
  A basilisk (Lair:4)
  4 nagas (Lair:3)
  6 water moccasins
  2 hell hounds (D:13)
  8 porcupines
  6 orc warriors
  2 phantoms
  19 ice beasts
  A black bear (Lair:3)
  2 necrophages
  3 sky beasts
  An eye of draining (D:14)
  15 wolves
  7 ogres
  15 centaurs
  7 crocodiles
  A big kobold (D:9)
  23 bullfrogs
  A wyvern zombie (D:13)
  2 gnoll sergeants
  3 scorpions
  A water moccasin skeleton (D:5)
  25 killer bees
  5 wights (D:13)
  An electric eel (Lair:2)
  8 howler monkeys
  4 crimson imps
  5 jellies
  A bullfrog zombie (D:10)
  Crazy Yiuf (D:7)
  6 orc priests
  5 hounds
  16 orc wizards
  2 bullfrog skeletons
  12 iguanas
  10 hell rats (Lair:2)
  5 worker ants
  A killer bee zombie (D:9)
  3 hound skeletons
  2 worker ant zombies
  15 gnolls
  A howler monkey skeleton (D:8)
  A howler monkey zombie (D:9)
  18 adders
  12 river rats (Lair:2)
  A shadow imp (D:5)
  2 oozes
  2 adder skeletons
  An adder zombie (D:5)
  2 worms
  A dart slug (D:3)
  6 leopard geckos
  49 orcs
  3 ball pythons
  6 giant cockroaches
  13 goblins
  6 hobgoblins
  10 jackals
  9 quokkas
  A ball python skeleton (D:6)
  7 bats
  A frilled lizard (D:1)
  19 kobolds
  21 rats
  2 fungi
607 creatures vanquished.

Vanquished Creatures (collateral kills)
  A meliai (D:14)
  2 humans (D:14)
  An orc wizard (D:14)
  An orc (D:14)
5 creatures vanquished.

Vanquished Creatures (others)
  2 fungi (Lair:2)
  A plant (Lair:4)
3 creatures vanquished.

Grand Total: 615 creatures vanquished

Notes
Turn   | Place    | Note
-------+----------+-------------------------------------------
     0 | D:1      | tof the Minotaur Berserker began the quest for the Orb.
     0 | D:1      | Reached XP level 1. HP: 19/19 MP: 0/0
   213 | D:1      | Reached XP level 2. HP: 25/27 MP: 1/1
   466 | D:1      | Reached ** piety under Trog
   503 | D:2      | Reached skill level 4 in Axes
   503 | D:2      | Reached XP level 3. HP: 30/33 MP: 2/2
   584 | D:2      | Found a radiant altar of Vehumet.
   976 | D:2      | Found a glowing silver altar of Zin.
   976 | D:2      | Found a shimmering altar of Xom.
   976 | D:2      | Noticed an angel
  1026 | D:2      | Reached XP level 4. HP: 38/40 MP: 3/3
  1648 | D:3      | Reached XP level 5. HP: 47/47 MP: 4/4
  2035 | D:4      | Reached skill level 5 in Axes
  2037 | D:4      | Reached *** piety under Trog
  2039 | D:4      | Reached skill level 5 in Armour
  2139 | D:4      | Reached XP level 6. HP: 48/55 MP: 5/5
  2142 | D:4      | Reached skill level 5 in Fighting
  2341 | D:4      | Found a staircase to the Ecumenical Temple.
  2550 | D:4      | Reached skill level 6 in Axes
  2690 | D:5      | Entered Level 5 of the Dungeon
  2808 | D:5      | Reached XP level 7. HP: 61/61 MP: 6/6
  2898 | D:5      | Found Asmaopn's Food Shop.
  2910 | D:5      | Found a transporter.
  2931 | D:5      | Noticed Sigmund
  2937 | D:5      | Killed Sigmund
  2985 | D:5      | Found an ornate altar of the Wu Jian Council.
  2990 | D:5      | Reached skill level 7 in Axes
  3033 | D:5      | Found a transporter.
  3136 | D:5      | Reached **** piety under Trog
  3170 | D:5      | Reached XP level 8. HP: 69/70 MP: 7/7
  3654 | D:6      | Found a stormy altar of Qazlal.
  4297 | D:7      | Reached skill level 8 in Axes
  4704 | D:7      | Reached skill level 5 in Dodging
  4793 | D:7      | Found a runed door.
  4797 | D:7      | Noticed Crazy Yiuf
  4800 | D:7      | Killed Crazy Yiuf
  4844 | D:7      | Reached skill level 9 in Axes
  4850 | D:7      | Reached XP level 9. HP: 39/78 MP: 8/8
  5242 | D:7      | Reached ***** piety under Trog
  5690 | D:8      | Reached skill level 10 in Axes
  5884 | D:8      | Noticed Gastronok
  6130 | D:8      | Killed Gastronok
  6130 | D:8      | Reached skill level 11 in Axes
  6130 | D:8      | Reached skill level 10 in Armour
  6130 | D:8      | Reached XP level 10. HP: 90/90 MP: 9/9
  6211 | D:8      | Noticed Gorglomux's ghost (novice HOEE)
  6219 | D:8      | Received a gift from Trog
  6252 | D:7      | HP: 4/90 [poisoned by a killer bee]
  6260 | D:7      | HP: 4/90 [poisoned by a killer bee]
  6680 | D:8      | Killed Gorglomux's ghost
  7569 | D:8      | Noticed Maurice
  7582 | D:8      | Killed Maurice
  7719 | D:8      | Noticed Grum
  7725 | D:8      | Reached skill level 12 in Axes
  7730 | D:8      | Killed Grum
  8081 | D:9      | Reached XP level 11. HP: 90/97 MP: 10/10
  8119 | D:9      | Found a shattered altar of Ashenzari.
  8271 | D:9      | Found a blossoming altar of Fedhas.
  8572 | D:9      | Found a sacrificial altar of Ru.
  8710 | D:9      | Found a staircase to the Lair.
  9092 | D:10     | Entered Level 10 of the Dungeon
  9098 | D:10     | Received a gift from Trog
  9216 | D:10     | You fall through a shaft for 3 floors!
  9380 | D:13     | Noticed a centaur warrior
  9392 | D:13     | Killed a centaur warrior
  9513 | D:13     | Noticed a deep elf mage
  9522 | D:13     | Killed a deep elf mage
  9609 | D:13     | Noticed Urug
  9736 | D:12     | Found a shadowy altar of Dithmenos.
  9876 | D:12     | Found a staircase to the Orcish Mines.
 10089 | D:12     | Reached skill level 13 in Axes
 10176 | D:12     | Noticed a deep elf mage
 10182 | D:12     | Noticed a soul eater
 10188 | D:12     | Killed a deep elf mage
 10188 | D:12     | Reached skill level 10 in Fighting
 10300 | D:12     | Noticed a red ugly thing
 10309 | D:12     | Killed a red ugly thing
 10332 | D:12     | Gained mutation: You expend magic power (3 MP) to strengthen your wands. [mutagenic meat]
 10333 | D:12     | Gained mutation: You are weak. (Str -2) [mutagenic meat]
 10443 | D:12     | Lost mutation: You expend magic power (3 MP) to strengthen your wands. [potion of mutation]
 10443 | D:12     | Gained mutation: Potions are less effective at restoring your health. [potion of mutation]
 10443 | D:12     | Gained mutation: You are dopey. (Int -2) [potion of mutation]
 10443 | D:12     | Gained mutation: You have an increased reservoir of magic. (+10% MP) [potion of mutation]
 11317 | D:11     | Noticed a two-headed ogre
 11319 | D:11     | Noticed a two-headed ogre
 11324 | D:11     | Killed a two-headed ogre
 11328 | D:11     | Killed a two-headed ogre
 11328 | D:11     | Reached XP level 12. HP: 107/107 MP: 9/12
 11425 | D:11     | Lost mutation: You are weak. (Str -2) [potion of mutation]
 11425 | D:11     | Lost mutation: You are dopey. (Int -2) [potion of mutation]
 11425 | D:11     | Gained mutation: Armour fits poorly on your strangely shaped body. [potion of mutation]
 11425 | D:11     | Gained mutation: You are partially covered in thin metallic scales. (AC +2) [potion of mutation]
 11425 | D:11     | Gained mutation: Scrolls take you a little longer to read. [potion of mutation]
 11425 | D:11     | Gained mutation: Your system is resistant to poisons. (rPois) [potion of mutation]
 11426 | D:11     | Lost mutation: Scrolls take you a little longer to read. [potion of mutation]
 11426 | D:11     | Lost mutation: You are partially covered in thin metallic scales. (AC +2) [potion of mutation]
 11426 | D:11     | Lost mutation: Potions are less effective at restoring your health. [potion of mutation]
 11426 | D:11     | Lost mutation: Your system is resistant to poisons. (rPois) [potion of mutation]
 11426 | D:11     | Lost mutation: Armour fits poorly on your strangely shaped body. [potion of mutation]
 11426 | D:11     | Gained mutation: You have very sharp teeth. [potion of mutation]
 11467 | D:11     | Noticed Josephine
 11479 | D:11     | Killed Josephine
 11984 | D:11     | Reached skill level 14 in Axes
 12102 | D:10     | Found a shadowy altar of Dithmenos.
 12162 | D:10     | Noticed Fannar
 12177 | D:10     | Killed Fannar
 12463 | D:10     | Found a large runed door.
 12463 | D:10     | Found a large runed door.
 12484 | D:10     | Noticed a two-headed ogre
 12489 | D:10     | Killed a two-headed ogre
 12675 | D:10     | Reached ****** piety under Trog
 12895 | D:13     | Noticed Azrael
 13167 | D:13     | Killed Azrael
 13663 | D:13     | Gained mutation: Your movements are slightly less encumbered by armour. (ER -2) [mutagenic meat]
 13664 | D:13     | Gained mutation: Your muscles are strong. (Str +2) [mutagenic meat]
 13665 | D:13     | Gained mutation: You have a pair of large horns on your head. [mutagenic meat]
 13802 | D:13     | Received a gift from Trog
 13811 | D:13     | Noticed a two-headed ogre
 13818 | D:13     | Killed a two-headed ogre
 13885 | D:13     | Reached skill level 10 in Dodging
 13932 | D:13     | Reached skill level 15 in Armour
 14105 | D:13     | Reached XP level 13. HP: 42/116 MP: 4/13
 14185 | D:13     | Killed Urug
 14446 | D:13     | Reached skill level 15 in Axes
 14755 | D:14     | Found a gate to the Vaults.
 14755 | D:14     | Noticed Rupert
 14755 | D:14     | Noticed Nessos
 14850 | D:14     | Killed Nessos
 14855 | D:14     | Killed Rupert
 14867 | D:14     | Identified a scroll of acquirement
 15042 | D:14     | Found a basalt altar of Yredelemnul.
 15302 | D:14     | Found a flickering gateway to a bazaar.
 15311 | Bazaar   | Entered a bazaar
 15321 | Bazaar   | Found Josouvys's Distillery.
 15321 | Bazaar   | Found Nufey's Weapon Shop.
 15380 | Bazaar   | Found Gywev's Antique Armour Shop.
 15380 | Bazaar   | Found Xarofyfo's Jewellery Boutique.
 15539 | Bazaar   | Bought the ring "Teha" {Str-2 Int+4 Dex+7} for 712 gold pieces
 15578 | Bazaar   | Bought a potion of flight for 24 gold pieces
 16248 | Lair:1   | Entered Level 1 of the Lair of Beasts
 16267 | Lair:1   | Received a gift from Trog
 16282 | Lair:1   | Reached skill level 16 in Axes
 16397 | Lair:1   | Noticed Erica
 16406 | Lair:1   | Killed Erica
 16453 | Lair:1   | Noticed Nergalle
 16461 | Lair:1   | Killed Nergalle
 17007 | Lair:1   | Noticed Harold
 17015 | Lair:1   | Killed Harold
 17346 | Lair:2   | Reached skill level 1 in Throwing
 17371 | Lair:2   | Found a frozen archway.
 17413 | IceCv    | Entered an ice cave
 17450 | IceCv    | Reached XP level 14. HP: 127/127 MP: 4/14
 18449 | Lair:2   | Received a gift from Trog
 19429 | Lair:3   | Found a staircase to the Swamp.
 19911 | Lair:3   | Found a staircase to the Snake Pit.
 20568 | Lair:4   | Reached skill level 17 in Axes
 20640 | Lair:4   | Received a gift from Trog
 20716 | Lair:4   | Splashed by an oklob plant's acid

Vault maps used:
D:1:      minmay_arrival_arboretum_small
D:2:      grunt_temple_overflow_order_and_chaos_1, vehumet_crystals,
          grunt_ministairs_14, minmay_tetromino_l2
D:3:      first_bread
D:4:      corexii_shack_village, minmay_temple_entry_butterflies
D:5:      gammafunk_steamed_eel, overflow_temple_1_default, serial_shops,
          nicolae_shop_trees, uniq_sigmund
D:6:      grunt_qazlal_clouds
D:7:      grunt_livestock, uniq_crazy_yiuf_cottage
D:8:      uniq_maurice, uniq_grum, uniq_gastronok
D:9:      nicolae_ashenzari_panopticon, nicolae_overflow_hidden_temple,
          lair_entry_dummy, basic_altar
D:10:     basic_altar, lightli_elemental_guards, uniq_fannar
D:11:     uniq_josephine
D:12:     erik_orc_3, hangedman_abyss_or_decor_lesser_grid, corner_web_ring,
          grunt_dithmenos_smoke
D:13:     minmay_misc_feat_plants, uniq_azrael, uniq_urug
D:14:     david_vaults_3, yredelemnul_altar_generic, serial_shops,
          bzr_in_the_mist
Lair:1:   uniq_erica, uniq_harold, uniq_nergalle
Lair:2:   lemuel_ratsnest, portal_ice_cave_demonic_guard, grunt_megastairs_4,
          serial_bayou_shore_a
Lair:3:   minmay_swamp_entry_reptiles, minmay_snake_entry_guardpost_small,
          grunt_forest_stairs_clearing
Lair:4:   cheibrodos_lair_reptile_den, minmay_lair_oklob_chamber
Bazaar:   bazaar_jpeg_ribbon
IceCv:    ice_cave_small_dragons

Skill      XL: |  1  2  3  4  5  6  7  8  9 10 11 12 13 14 |
---------------+-------------------------------------------+-----
Armour         | 3 4 5 7 8 10 11 13 15 16 | 16.3
Fighting       | 4 5 6 8 9 10 11 12 13 | 13.0
Axes           | 4 5 6 7 9 11 12 13 14 16 17 | 17.1
Dodging        | 3 4 5 6 7 8 10 12 13 | 13.7
Throwing       | 1 3 |  3.5

Action                   |  1- 3 |  4- 6 |  7- 9 | 10-12 | 13-15 || total
-------------------------+-------+-------+-------+-------+-------++-------
Melee: Hand axe          |    81 |   162 |    17 |       |       ||   260
       Headbutt          |    10 |    26 |    24 |   113 |   135 ||   308
       Scythe            |       |       |   163 |   185 |       ||   348
       Broad axe         |       |       |       |   315 |       ||   315
       Battleaxe         |       |       |       |    36 |   458 ||   494
       Bite              |       |       |       |    26 |    64 ||    90
Invok: Berserk           |       |     2 |     7 |    10 |     5 ||    24
       Trog's Hand       |       |       |       |     3 |     2 ||     5
       Brothers in Arms  |       |       |       |       |     1 ||     1
  Use: Scroll            |       |       |     9 |     7 |    11 ||    27
       Potion            |       |       |       |     9 |       ||     9
  Eat: Chunk             |       |     8 |    11 |    22 |     9 ||    50
       Bread ration      |       |       |     2 |     4 |     4 ||    10
Armor: Animal skin       |     6 |       |       |       |       ||     6
       Leather armour    |    10 |       |       |       |       ||    10
       Ring mail         |     3 |     4 |       |       |       ||     7
       Chain mail        |       |    69 |   123 |   440 |   260 ||   892
Dodge: Dodged            |    82 |    82 |    96 |   476 |   389 ||  1125

Table legend:
 A = Spawn XP
 B = Non-spawn XP
 C = Spawn XP percentage of total XP
 D = Spawn monster count
 E = Non-spawn monster count
 F = Spawn count percentage of total count
 G = Total turns spent on level
                    A         B        C        D         E        F      G
               +---------+---------+-------+---------+---------+-------+---------
         Total |   10884 |   75226 |  12.6 |      76 |     534 |  12.5 | 20716
               +---------+---------+-------+---------+---------+-------+---------
           D:1 |       0 |      36 |   0.0 |       0 |      20 |   0.0 |   499
           D:2 |      13 |      71 |  15.5 |       1 |      14 |   6.7 |   806
           D:3 |      13 |      88 |  12.9 |       1 |      26 |   3.7 |   688
           D:4 |      33 |     422 |   7.3 |       1 |      34 |   2.9 |   697
           D:5 |     113 |     765 |  12.9 |       1 |      20 |   4.8 |   611
           D:6 |     171 |     114 |  60.0 |       7 |       6 |  53.8 |   984
           D:7 |      67 |    2138 |   3.0 |       4 |      33 |  10.8 |  1995
           D:8 |     568 |    6132 |   8.5 |      10 |      34 |  22.7 |  1790
           D:9 |     265 |    1461 |  15.4 |       8 |      19 |  29.6 |  1068
          D:10 |    1125 |    4014 |  21.9 |       7 |      20 |  25.9 |   843
          D:11 |     569 |    5739 |   9.0 |       2 |      29 |   6.5 |   850
          D:12 |    1260 |    3906 |  24.4 |       6 |      44 |  12.0 |  2340
          D:13 |    2062 |    9854 |  17.3 |       8 |      37 |  17.8 |  1810
          D:14 |     884 |   12903 |   6.4 |       5 |      46 |   9.8 |   982
        Lair:1 |       0 |    7019 |   0.0 |       0 |      23 |   0.0 |  1060
        Lair:2 |    2167 |    5343 |  28.9 |       7 |      66 |   9.6 |  1262
        Lair:3 |    1574 |    5076 |  23.7 |       8 |      21 |  27.6 |  1092
        Lair:4 |       0 |    4698 |   0.0 |       0 |      22 |   0.0 |   219
         IceCv |       0 |    5447 |   0.0 |       0 |      20 |   0.0 |   835
               +---------+---------+-------+---------+---------+-------+---------
